 Dungeon Crawl Stone Soup version 0.23.1 (webtiles) character file.

Game seed: 15533523688333618079

5116 Andrea the Arsonist (level 10, -1/50 HPs)
             Began as a Deep Elf Fire Elementalist on Mar 14, 2019.
             Was an Initiate of Vehumet.
             Slain by a troll (2 damage)
             ... on level 10 of the Dungeon.
             The game lasted 00:19:26 (10162 turns).

Andrea the Arsonist (Deep Elf Fire Elementalist)   Turns: 10162, Time: 00:19:27

Health: -1/50      AC:  7    Str:  8    XL:     10   Next: 32%
Magic:  5/26       EV: 15    Int: 21    God:    Vehumet [......]
Gold:   502        SH:  0    Dex: 15    Spells: 14/29 levels left

rFire    . . .     SeeInvis .   D - +3 quarterstaff (chaos)
rCold    . . .     Gourm    .   (shield currently unavailable)
rNeg     . . .     Faith    .   E - +2 robe
rPois    +         Spirit   .   w - +1 helmet
rElec    .         Reflect  .   B - +0 cloak
rCorr    .         Harm     .   (no gloves)
MR       +....                  (no boots)
Stlth    ++........             (no amulet)
HPRegen  0.16/turn              d - +2 ring of evasion
MPRegen  0.20/turn              t - ring of poison resistance

@: no status effects
A: no striking features
a: Renounce Religion


You were on level 10 of the Dungeon.
You worshipped Vehumet.
Vehumet was noncommittal.
You were very hungry.

You visited 2 branches of the dungeon, and saw 10 of its levels.
You also visited: Ossuary.

You collected 502 gold pieces.

Inventory:

Hand Weapons
 g - a +0 dagger
 D - a +3 quarterstaff of chaos (weapon)
Armour
 w - a +1 helmet (worn)
 B - a +0 cloak (worn)
 E - a +2 robe (worn)
Jewellery
 a - an uncursed ring of wizardry {unknown}
 d - a +2 ring of evasion (left hand)
 n - a +2 ring of slaying
 t - a ring of poison resistance (right hand)
 x - an uncursed ring of fire {unknown}
 I - an uncursed amulet of regeneration {unknown}
Wands
 i - a wand of disintegration (12)
 y - a wand of acid (12)
 A - a wand of random effects (40)
 C - a wand of scattershot (5)
 F - a wand of paralysis (7)
Scrolls
 b - 4 scrolls of teleportation
 f - a scroll of fear {unknown}
 l - 4 scrolls of remove curse {unknown}
 m - 2 scrolls of enchant armour {unknown}
 o - a scroll of random uselessness {unknown}
 p - 3 scrolls of immolation {unknown}
 s - a scroll of acquirement {unknown}
 z - 3 scrolls of identify
 G - a scroll of brand weapon {unknown}
 H - a scroll of blinking {unknown}
Potions
 e - 2 potions of brilliance
 h - 4 potions of curing
 j - a potion of cancellation {unknown}
 k - a potion of haste
 q - 2 potions of agility
 r - 2 potions of heal wounds
 u - a potion of magic
 v - 2 potions of lignification
Comestibles
 c - 11 rations


   Skills:
 - Level 2.4 Dodging
 - Level 2.4 Stealth
 + Level 10.0 Spellcasting
 * Level 10.4 Conjurations
 * Level 10.8 Fire Magic


You had 14 spell levels left.
You knew the following spells:

 Your Spells              Type           Power        Failure   Level  Hunger
a - Flame Tongue          Conj/Fire      #####        1%          1    None
b - Throw Flame           Conj/Fire      ######       1%          2    None
c - Conjure Flame         Conj/Fire      ######..     1%          3    None
d - Sticky Flame          Conj/Fire      ######..     1%          4    ##.....
e - Fireball              Conj/Fire      ######....   2%          5    ####...

Your spell library contained the following spells:

 Spells                   Type           Power        Failure   Level  Hunger
 Inner Flame              Hex/Fire       ####....     1%          3    None
 Confusing Touch          Hex            ##....       6%          1    None
 Confuse                  Hex            ##......     19%         3    None
 Gell's Gravitas          Tloc           ##........   19%         3    None
 Irradiate                Conj/Tmut      ####......   21%         5    ####...
 Petrify                  Tmut/Erth      ##......     54%         4    ##.....
 Metabolic Englaciation   Hex/Ice        ##........   87%         5    ####...
 Yara's Violent Unravell  Hex/Tmut       ##........   87%         5    ####...
 Hydra Form               Tmut           ##........   100%        6    ######.
 Statue Form              Tmut/Erth      ##.......    100%        6    ######.
 Dragon Form              Tmut           ##........   100%        7    #######


Dungeon Overview and Level Annotations

Branches:
Dungeon (8/15)             Temple (1/1) D:7            Lair (0/6) D:8

Altars:
Ashenzari
Cheibriados
Dithmenos
Elyvilon
Fedhas
Gozag
Hepliaklqana
Kikubaaqudgha
Makhleb
Nemelex Xobeh
Okawaru
Qazlal
Ru
Sif Muna
Trog
Uskayaw
Vehumet
Wu Jian
Xom
Yredelemnul
Zin
The Shining One

Shops:
D:6 }


Message History

Casting: Throw Flame (safe; 1% risk of failure)
Confirm with . or Enter, or press ? or * to list all spells.
Aiming: Throw Flame (safe; 1% risk of failure)
Press: ? - help, Shift-Dir - straight line, f - troll
Aim: a troll (hasn't noticed you)
The puff of flame misses the troll.
Casting: Throw Flame (safe; 1% risk of failure)
Confirm with . or Enter, or press ? or * to list all spells.
Aiming: Sticky Flame (safe; 1% risk of failure)
Press: ? - help, Shift-Dir - straight line, f/p - troll
Aim: a troll The sticky flame hits the troll!
The troll is lightly wounded.
The troll is covered in liquid flames!
The troll burns!
The troll bites you! The troll misses you. The troll claws you!
* * * LOW HITPOINT WARNING * * *
The troll burns!
The troll bites you!
* * * LOW HITPOINT WARNING * * *
The troll barely misses you. The troll claws you.
You die...

....... T.$....
(......#####
.........@.# l
..)..!...T.## ...
............#####....
.....................
..........).)........
..(.....##...........
......#..............
............#######..
#.......T...# .


You could see a troll (burning).

Vanquished Creatures
  A two-headed ogre (D:8)
  An elephant (D:8)
  Prince Ribbit (D:6)
  2 hippogriffs (D:8)
  Sigmund (D:5)
  A wyvern (D:8)
  A basilisk (D:8)
  2 ice beasts
  A sky beast (D:6)
  2 phantoms (D:5)
  2 necrophages
  6 ogres
  A crocodile (D:8)
  3 elf zombies (Ossuary)
  4 bullfrogs
  A howler monkey (D:6)
  A crimson imp (D:7)
  A quasit (D:6)
  2 jellies
  8 hounds
  A human zombie (Ossuary)
  A centaur skeleton (D:5)
  3 centaur zombies
  3 orc priests
  A bullfrog skeleton (D:6)
  7 orc wizards
  Crazy Yiuf (D:7)
  A gnoll shaman (D:5)
  An iguana (D:7)
  4 worker ants
  A killer bee zombie (D:8)
  A big kobold zombie (Ossuary)
  A hound skeleton (D:6)
  2 mummies (Ossuary)
  9 gnolls
  8 adders
  A shadow imp (D:6)
  3 oozes
  An adder zombie (Ossuary)
  An adder skeleton (D:5)
  2 worms
  A dart slug (D:2)
  5 leopard geckos
  27 orcs
  3 giant cockroaches
  6 goblins
  2 hobgoblins
  11 jackals
  7 kobolds
  4 quokkas
  8 bats
  6 frilled lizards
  14 hobgoblin zombies (Ossuary)
  A jackal skeleton (D:3)
  A jackal zombie (Ossuary)
  8 kobold zombies (Ossuary)
  4 orc zombies (Ossuary)
  A quokka skeleton (D:5)
  10 rats
  2 rat zombies (Ossuary)
216 creatures vanquished.

Notes
Turn   | Place    | Note
-------+----------+-------------------------------------------
     0 | D:1      | Andrea the Deep Elf Fire Elementalist began the quest for
                  | the Orb.
     0 | D:1      | Reached XP level 1. HP: 10/10 MP: 6/6
   209 | D:1      | Reached XP level 2. HP: 12/15 MP: 4/8
   216 | D:1      | Learned a level 2 spell: Throw Flame
   794 | D:2      | Found an opulent altar of Gozag.
  1108 | D:2      | Reached XP level 3. HP: 10/19 MP: 5/10
  1253 | D:2      | Learned a level 3 spell: Conjure Flame
  2110 | D:3      | Reached XP level 4. HP: 24/24 MP: 8/11
  2116 | D:3      | Learned a level 4 spell: Sticky Flame
  2605 | D:3      | Reached XP level 5. HP: 28/28 MP: 8/13
  3174 | D:4      | Found a sand-covered staircase.
  3188 | Ossuary  | Entered an ossuary
  3615 | Ossuary  | Reached XP level 6. HP: 30/32 MP: 8/15
  3621 | Ossuary  | Reached skill level 5 in Spellcasting
  3636 | Ossuary  | Reached skill level 5 in Conjurations
  3991 | Ossuary  | Reached skill level 5 in Fire Magic
  3997 | Ossuary  | Reached XP level 7. HP: 22/36 MP: 2/17
  4650 | D:4      | Learned a level 5 spell: Fireball
  5031 | D:5      | Entered Level 5 of the Dungeon
  5250 | D:5      | Reached XP level 8. HP: 41/41 MP: 4/20
  5763 | D:5      | Found a shadowy altar of Dithmenos.
  5847 | D:5      | Noticed Sigmund
  6729 | D:6      | Found Lior's Gadget Boutique.
  6765 | D:6      | Noticed Prince Ribbit
  6783 | D:6      | Killed Prince Ribbit
  7004 | D:6      | Reached XP level 9. HP: 44/45 MP: 8/23
  7607 | D:5      | Killed Sigmund
  8322 | D:7      | Found a staircase to the Ecumenical Temple.
  8340 | Temple   | Entered the Ecumenical Temple
  8544 | Temple   | Became a worshipper of Vehumet
  8714 | D:7      | Found a runed translucent door.
  8715 | D:7      | Noticed Crazy Yiuf
  8836 | D:7      | Killed Crazy Yiuf
  9220 | D:8      | Found a basalt altar of Yredelemnul.
  9383 | D:8      | Reached skill level 10 in Fire Magic
  9512 | D:8      | Noticed a two-headed ogre
  9533 | D:8      | Killed a two-headed ogre
  9533 | D:8      | Reached XP level 10. HP: 50/50 MP: 10/25
  9539 | D:8      | Noticed an elephant
  9672 | D:8      | Reached skill level 10 in Conjurations
  9758 | D:8      | Killed an elephant
  9962 | D:8      | Reached skill level 10 in Spellcasting
 10074 | D:8      | Found a staircase to the Lair.
 10120 | D:8      | You fall through a shaft for 2 floors!
 10120 | D:10     | Entered Level 10 of the Dungeon
 10162 | D:10     | HP: 1/50 [troll (12)]
 10162 | D:10     | Slain by a troll

Skill      XL: |  1  2  3  4  5  6  7  8  9 10 |
---------------+-------------------------------+-----
Conjurations   | 2 3 4 5 7 9 10 | 10.4
Spellcasting   | 4 5 6 8 9 10 | 10.0
Fire Magic     | 4 5 6 8 10 | 10.8
Dodging        | |  2.4
Stealth        | |  2.4

Action                   |  1- 3 |  4- 6 |  7- 9 | 10-12 || total
-------------------------+-------+-------+-------+-------++-------
Melee: Unarmed           |     3 |       |       |       ||     3
       Dagger            |     1 |     7 |     8 |       ||    16
       Quarterstaff      |       |       |     1 |       ||     1
 Cast: Flame Tongue      |    68 |   113 |   171 |    24 ||   376
       Throw Flame       |     7 |    25 |   113 |    16 ||   161
       Conjure Flame     |       |     4 |     7 |     4 ||    15
       Sticky Flame      |       |       |     5 |     2 ||     7
       Fireball          |       |       |     2 |     1 ||     3
Evoke: Wand              |       |       |     2 |       ||     2
  Use: Scroll            |       |       |     8 |       ||     8
 Stab: Sleeping          |       |       |     1 |       ||     1
  Eat: Chunk             |     4 |     3 |    17 |     1 ||    25
       Ration            |       |     1 |       |       ||     1
Armor: Robe              |     5 |     3 |    15 |     4 ||    27
Dodge: Dodged            |    25 |    13 |    46 |     8 ||    92
